AoeStats
← [KMNB] Bandeira

Lombardia

508865129Analyzed
2v2 RM · 8d ago on Sep 24, 2026· 25m 49s· 4 players
Game mode
Random Map
Map size
Medium (4 player)
Population
200
Speed
Normal
Resources
Standard
Victory
Conquest
Starting age
Dark Age
Ending age
Imperial Age
RankedLock teamsTeams togetherTeam positionsShared explorationLock speedFull tech treeHidden civsTurbo modeCheats
Victory
Defeat
🇧🇷 Magyars · Brazil
1606
+11
🇧🇷 Italians · Brazil
1540
+14
🇳🇱 Mongols · Netherlands
1540
-14
🇹🇷 Koreans · Türkiye
1452
-11
UBlawful (Still Intact)
5:31 Loom
8:21 Feudal Age
9:15 Double-Bit Axe
20:27 Castle Age
18:37 Horse Collar
18:49 Gold Mining
19:23 Fletching
Anatoly
7:43 Loom
10:08 Feudal Age
10:49 Double-Bit Axe
10:51 Horse Collar
18:16 Wheelbarrow
20:38 Castle Age
19:08 Gold Mining
21:50 Fletching
22:18 Bow Saw
[KMNB] Bandeira
6:37 Loom
9:09 Feudal Age
9:56 Double-Bit Axe
16:48 Horse Collar
17:42 Scale Barding Armor
22:34 Castle Age
22:37 Light Cavalry
23:28 Bloodlines
26:14 Wheelbarrow
26:03 Bow Saw
25:55 Heavy Plow
26:41 Chain Barding Armor
[KMNB] Dedão
7:07 Loom
9:41 Feudal Age
10:46 Double-Bit Axe
13:39 Fletching
15:54 Horse Collar
18:16 Padded Archer Armor
19:35 Wheelbarrow
22:44 Castle Age
22:09 Gold Mining
22:52 Crossbowman
23:28 Bodkin Arrow
24:03 Bow Saw
23:54 Heavy Plow
24:49 Ballistics
24:53 Stone Mining
25:35 Thumb Ring
26:39 Leather Archer Armor
Connection lost

Rejoining the realm…

Still unreachable

The connection could not be restored.

Session expired

The server has moved on; the page needs a fresh start.